AoeStats
← :)

Arena

510430628Analyzed
4v4 RM · 2d ago on Oct 1, 2026· 48m 41s· 8 players
Game mode
Random Map
Map size
Large (8 player)
Population
200
Speed
Normal
Resources
Standard
Victory
Conquest
Starting age
Dark Age
Ending age
Imperial Age
RankedLock teamsTeams togetherTeam positionsShared explorationLock speedFull tech treeHidden civsTurbo modeCheats
Victory
Defeat
🇵🇪 Persians · Peru
1333
+17
🇦🇷 Khmer · Argentina
1287
+18
🇲🇽 Teutons · Mexico
1242
+20
🇨🇴 Saxons · Colombia
1208
+22
🇦🇷 Varangians · Argentina
1360
-20
🇲🇽 Turks · Mexico
1352
-20
🇦🇷 Khmer · Argentina
1333
-19
🇺🇸 Goths · United States
1312
-18
:)
12:00 Feudal Age
15:02 Castle Age
13:02 Double-Bit Axe
12:58 Horse Collar
19:02 Wheelbarrow
21:16 Scale Barding Armor
21:22 Forging
22:18 Chain Barding Armor
22:58 Bow Saw
23:49 Loom
23:50 Town Watch
28:01 Hand Cart
27:47 Town Patrol
28:49 Iron Casting
32:27 Imperial Age
30:02 Heavy Plow
30:21 Bloodlines
30:12 Husbandry
32:51 Elite Battle Elephant
34:10 Plate Barding Armor
34:36 Blast Furnace
35:58 Fletching
36:48 Elite Ballista Elephant
38:20 Bodkin Arrow
39:41 Chemistry
39:04 Bracer
[GDL]Cemento
5:47 Loom
9:23 Feudal Age
24:43 Fletching
28:40 Castle Age
28:12 Double-Bit Axe
28:09 Horse Collar
31:29 Bow Saw
38:05 Heavy Plow
39:49 Arson
40:05 Squires
43:40 Imperial Age
41:41 Forging
41:32 Scale Mail Armor
43:36 Wheelbarrow
42:48 Town Watch
43:50 Chain Mail Armor
45:34 Conscription
46:00 Pikeman
48:05 Hand Cart
47:55 Town Patrol
BLACK_ROGER
9:36 Feudal Age
11:44 Double-Bit Axe
14:28 Castle Age
13:13 Loom
13:55 Stone Mining
19:26 Horse Collar
28:09 Heavy Plow
29:56 Wheelbarrow
33:08 Imperial Age
31:25 Forging
31:48 Bow Saw
31:53 Scale Mail Armor
33:34 Hand Cart
34:31 Town Watch
35:08 Chain Mail Armor
35:26 Squires
37:06 Chemistry
37:18 Ballistics
37:30 Heavy Scorpion
38:55 Siege Engineers
38:25 Shield Wall
38:59 Arson
40:44 Two-Man Saw
39:43 Elite Varangian Guard
41:18 Plate Mail Armor
41:24 Iron Casting
43:14 Conscription
43:51 Fletching
44:01 Padded Archer Armor
46:09 Gambesons
V1per
10:35 Feudal Age
11:52 Double-Bit Axe
11:47 Horse Collar
14:41 Castle Age
16:03 Bow Saw
17:03 Heavy Plow
19:45 Gold Mining
26:29 Imperial Age
25:04 Gold Shaft Mining
24:23 Loom
25:26 Wheelbarrow
24:38 Town Watch
25:08 Scale Barding Armor
25:45 Bloodlines
25:35 Husbandry
26:12 Cavalier
27:44 Forging
28:50 Chemistry
29:02 Iron Casting
29:36 Stone Mining
31:30 Blast Furnace
29:57 Savar
31:00 Padded Archer Armor
31:36 Hand Cart
31:46 Chain Barding Armor
33:17 Leather Archer Armor
34:02 Masonry
35:28 Stone Shaft Mining
35:59 Two-Man Saw
35:31 Crop Rotation
35:50 Architecture
35:41 Conscription
36:13 Ring Archer Armor
36:20 Plate Barding Armor
42:59 Hoardings
CTM | Severo24cm
2:09 Loom
10:40 Feudal Age
15:02 Castle Age
13:53 Double-Bit Axe
13:50 Horse Collar
16:03 Bow Saw
16:30 Heavy Plow
24:04 Wheelbarrow
24:49 Gold Mining
28:59 Imperial Age
27:11 Squires
26:57 Arson
27:31 Stone Mining
28:05 Gambesons
29:05 Hand Cart
28:36 Town Watch
29:54 Scale Mail Armor
30:05 Forging
30:45 Stone Shaft Mining
30:50 Capped Ram
31:03 Gothikon
31:57 Pikeman
32:59 Chain Mail Armor
33:19 Iron Casting
33:04 Fletching
33:20 Scale Barding Armor
33:00 Elite Varangian Guard
33:51 Halberdier
35:11 Treadmill Crane
36:34 Chemistry
36:12 Plate Mail Armor
36:42 Blast Furnace
36:45 Conscription
37:06 Bodkin Arrow
39:03 Siege Ram
41:43 Two-Man Saw
41:14 Crop Rotation
41:01 Fortified Wall
41:35 Bracer
41:35 Padded Archer Armor
41:55 Chain Barding Armor
41:55 Siege Engineers
46:45 Plate Barding Armor
46:25 Leather Archer Armor
47:24 Light Cavalry
48:14 Bloodlines
48:05 Husbandry
BenOFF
9:46 Feudal Age
11:37 Loom
14:14 Castle Age
15:52 Wheelbarrow
27:02 Horse Collar
33:06 Fletching
33:06 Double-Bit Axe
37:48 Hand Cart
45:33 Imperial Age
chiwire
10:40 Feudal Age
14:22 Castle Age
13:48 Double-Bit Axe
16:42 Loom
20:19 Bow Saw
19:51 Horse Collar
23:14 Heavy Plow
27:18 Wheelbarrow
26:28 Town Watch
27:07 Gold Mining
29:19 Stone Mining
32:37 Imperial Age
30:52 Stone Shaft Mining
30:23 Scale Mail Armor
30:34 Forging
31:24 Chain Mail Armor
31:45 Hand Cart
31:26 Pikeman
33:12 Iron Casting
33:07 Squires
32:51 Halberdier
33:46 Perfusion
35:12 Blast Furnace
35:02 Conscription
36:02 Anarchy
35:58 Elite Huskarl
39:06 Scale Barding Armor
42:23 Bloodlines
42:13 Husbandry
44:56 Chemistry
44:32 Chain Barding Armor
43:34 Light Cavalry
44:25 Hussar
CTM | Franco*
7:56 Loom
9:42 Feudal Age
16:46 Castle Age
15:45 Double-Bit Axe
16:17 Horse Collar
16:53 Gold Mining
28:13 Heavy Plow
30:28 Bow Saw
31:22 Wheelbarrow
30:32 Town Watch
31:26 Gold Shaft Mining
31:10 Scale Mail Armor
31:21 Forging
32:53 Fortified Wall
33:16 Hand Cart
34:34 Chain Mail Armor
34:55 Iron Casting
34:42 Hand Cart
37:00 Imperial Age
34:39 Stone Mining
34:58 Pikeman
35:23 Arson
Connection lost

Rejoining the realm…

Still unreachable

The connection could not be restored.

Session expired

The server has moved on; the page needs a fresh start.